 Dungeon Crawl Stone Soup version 0.27.1-35-g4d5d836560 (console) character file.

Game seed: 803136753697120316

835 Banquo the Cleaver (level 8, -1/58 HPs)
             Began as a Formicid Fighter on Mar 3, 2022.
             Was a Believer of Trog.
             Slain by Edmund (9 damage)
             ... on level 4 of the Dungeon.
             The game lasted 00:17:07 (3850 turns).

Banquo the Cleaver (Formicid Fighter)               Turns: 3850, Time: 00:17:07

Health: -1/58      AC:  8    Str: 23    XL:     8   Next: 19%
Magic:  8/8        EV:  8    Int:  8    God:    Trog [**....]
Gold:   181        SH:  9    Dex: 10    Spells: 7/7 levels left

rFire    . . .     SeeInvis +   a - +1 war axe
rCold    . . .     Faith    .   c - +0 kite shield
rNeg     . . .     Spirit   .   b - +0 scale mail
rPois    .         Reflect  .   (helmet unavailable)
rElec    .         Harm     .   (no cloak)
rCorr    .         Rampage  .   (no gloves)
Will     ++...                  e - +0 pair of boots
Stlth    ..........             j - amulet of the acrobat
HPRegen  1.19/turn              (no ring)
MPRegen  0.11/turn              (no ring)

@: strong-willed, regenerating
A: permanent stasis, dig shafts and tunnels, antennae 3, four strong arms
a: Dig, Shaft Self, Renounce Religion, Trog's Hand


You were on level 4 of the Dungeon.
You worshipped Trog.
Trog was pleased with you.
You visited 1 branch of the dungeon, and saw 4 of its levels.

You collected 181 gold pieces.

Inventory:

Hand Weapons
 a - a +1 war axe (weapon)
 k - a +0 scythe
 m - a +1 whip of flaming
Missiles
 g - 12 poisoned darts
 h - 110 stones
 p - 27 arrows
Armour
 b - a +0 scale mail (worn)
 c - a +0 kite shield (worn)
 e - a +0 pair of boots (worn)
 n - a +0 robe of resistance
Jewellery
 j - an amulet of the acrobat (around neck)
Scrolls
 l - a scroll of brand weapon {unknown}
 o - a scroll of torment {unknown}
Potions
 d - 2 potions of might
 f - 2 potions of flight
 i - 2 potions of attraction {unknown}


   Skills:
 * Level 3.2 Fighting
 * Level 9.0 Axes
 * Level 3.2 Armour
 * Level 3.6 Shields


You had 7 spell levels left.
You didn't know any spells.
Your spell library contained the following spells:

 Spells                   Type           Power      Damage    Failure   Level
 Animate Armour           Summ/Erth      0%         N/A       100%        4
 Blade Hands              Tmut           0%         N/A       100%        5
 Iron Shot                Conj/Erth      0%         9d1       100%        6


Dungeon Overview and Level Annotations

Branches:
Dungeon (4/15)
 Temple: D:4-7

Altars:
Trog
Wu Jian

Annotations:
D:4 Duvessa, Edmund


Innate Abilities, Weirdness & Mutations

You cannot be hasted, slowed, berserked, paralysed or teleported.
You can dig through walls and to a lower floor.
You have a pair of large antennae on your head. (SInv)
Your four strong arms can wield two-handed weapons with a shield.


Message History

Edmund hits you with a +1 flail of protection.
You hit Edmund.
Edmund is severely wounded.
Edmund hits you with a +1 flail of protection!
You block Edmund's attack.
You closely miss Edmund.
Edmund is severely wounded.
Edmund barely misses you.
You hit Edmund.
Edmund is almost dead.
Edmund says, "People think my brother is the best.
I think he's crazy."
Edmund hits you but does no damage.
You hit Edmund but do no damage.
Edmund is almost dead.
Edmund hits you with a +1 flail of protection.
You closely miss Edmund.
Edmund is almost dead.
Edmund hits you with a +1 flail of protection. x2
* * * LOW HITPOINT WARNING * * *
Your skin crawls.
You feel strong-willed.
Edmund hits you with a +1 flail of protection.
* * * LOW HITPOINT WARNING * * *
You hit Edmund but do no damage.
Edmund is almost dead.
Edmund hits you with a +1 flail of protection.
* * * LOW HITPOINT WARNING * * *
You closely miss Edmund.
Edmund is almost dead.
Edmund hits you with a +1 flail of protection.
* * * LOW HITPOINT WARNING * * *
You hit Edmund but do no damage.
Edmund is almost dead.
You block Edmund's attack.
Edmund hits you with a +1 flail of protection.
* * * LOW HITPOINT WARNING * * *
You barely miss Edmund.
Edmund is almost dead.
Edmund hits you with a +1 flail of protection!
You die...

##......##..###....###........
.......)##..# ##..............
#.......#...# ##.............
..?.........####......#.......
...#..K..K..#...###....##.....
. #.#.$###..#### #.#..####...
#..##.# #.#{## ##.##.## ##..
#. ##.##.##@# #.###..## ##. #
.#..#@## #.# #.#.## ## .######
### ####.# # ### #


You could see Edmund.

Vanquished Creatures
  Pikel (D:4)
  Sigmund (D:3)
  3 lemures (D:4)
  A howler monkey (D:4)
  Natasha (thrice) (D:2)
  Robin (D:2)
  An adder (D:3)
  2 worms
  2 dart slugs
  An orc (D:3)
  3 ball pythons
  5 bats
  5 endoplasms
  5 giant cockroaches
  9 hobgoblins
  4 quokkas
  5 frilled lizards
  15 goblins
  6 kobolds
  4 rats
77 creatures vanquished.

Vanquished Creatures (others)
  14 plants (D:2)
14 creatures vanquished.

Grand Total: 91 creatures vanquished

Notes
Turn   | Place    | Note
-------+----------+-------------------------------------------
     0 | D:1      | Banquo the Formicid Fighter began the quest for the Orb.
     0 | D:1      | Reached XP level 1. HP: 18/18 MP: 1/1
   409 | D:1      | Reached XP level 2. HP: 24/24 MP: 2/2
   409 | D:1      | Found a faded altar of an unknown god.
   418 | D:1      | Became a worshipper of Trog the Wrathful
   418 | D:1      | Reached * piety under Trog
   628 | D:1      | Reached skill level 3 in Axes
  1048 | D:2      | Reached XP level 3. HP: 29/29 MP: 3/3
  1132 | D:2      | Noticed Natasha
  1283 | D:2      | Killed Natasha
  1284 | D:2      | Reached skill level 4 in Axes
  1284 | D:2      | Reached XP level 4. HP: 13/35 MP: 4/4
  1579 | D:2      | Noticed Robin
  1589 | D:2      | Reached ** piety under Trog
  1617 | D:2      | Killed Robin
  1723 | D:2      | Noticed Natasha
  1735 | D:2      | Killed Natasha
  1736 | D:2      | Reached skill level 5 in Axes
  1736 | D:2      | Reached XP level 5. HP: 35/41 MP: 5/5
  1999 | D:2      | Noticed Natasha
  2015 | D:2      | Killed Natasha
  2034 | D:3      | Noticed Sigmund
  2107 | D:3      | Found an ornate altar of the Wu Jian Council.
  2876 | D:3      | Killed Sigmund
  2877 | D:3      | Reached skill level 6 in Axes
  2877 | D:3      | Reached XP level 6. HP: 39/47 MP: 6/6
  2959 | D:4      | Noticed an ogre
  3190 | D:4      | Noticed Duvessa
  3350 | D:4      | Reached skill level 7 in Axes
  3350 | D:4      | Reached XP level 7. HP: 52/52 MP: 7/7
  3488 | D:4      | Noticed Pikel
  3578 | D:4      | Killed Pikel
  3579 | D:4      | Reached skill level 9 in Axes
  3579 | D:4      | Reached XP level 8. HP: 22/58 MP: 8/8
  3826 | D:4      | Noticed Edmund
  3850 | D:4      | Slain by Edmund

Illustrated notes

Levels and vault maps discovered:
D:1:      dpeg_arrival_circle_labyrinth_a, layout_loops_ring,
          chequers_ecumenical_altar_simple
D:2:      layout_basic, serial_bayou_lake_a, uniq_natasha, uniq_robin
D:3:      layout_loops_ring, lemuel_doored_altar, uniq_sigmund
D:4:      layout_layer_cave, uniq_edmund, uniq_pikel, uniq_duvessa

Skill      XL: |  1  2  3  4  5  6  7 |
---------------+----------------------+-----
Axes           | 3 4 5 6 7 9 |  9.0
Fighting       | |  3.2
Armour         | |  3.2
Shields        | |  3.6

Action                   |  1- 3 |  4- 6 |  7- 9 || total
-------------------------+-------+-------+-------++-------
Melee: War axe           |    83 |   128 |    66 ||   277
Invok: Trog's Hand       |       |     1 |     3 ||     4
 Abil: Dig               |     9 |    17 |     3 ||    29
  Use: Scroll            |       |     5 |       ||     5
       Potion            |       |     1 |       ||     1
Armor: Scale mail        |    42 |    41 |    16 ||    99
Dodge: Dodged            |    30 |    34 |    13 ||    77
Block: Kite shield       |    58 |    54 |    27 ||   139
